Construct Weapon Support Center
M1918 Browning Automatic Rifles
Selects Advanced Infantry Battlegroup
Selects Advanced Infantry Battlegroup
Selects Convert to Ranger Squad
Selects Frontline Medical Station
Frontline Medical Station
Frontline Medical Station
Selects Ammunition Storage
Selects M2A1 105mm Howitzer Emplacement
Frontline Medical Station
M18 Hellcat Tank Destroyer
M18 Hellcat Tank Destroyer
Frontline Medical Station
M18 Hellcat Tank Destroyer
Construct Medical Station
M18 Hellcat Tank Destroyer
Frontline Medical Station
M18 Hellcat Tank Destroyer
Frontline Medical Station